 Dungeon Crawl Stone Soup version 0.27-a0-291-gd9602db6ee (webtiles) character file.

Game seed: 18271201255433282426

973 Fenrir042 the Conjurer (level 7, -6/46 HPs)
             Began as a Demonspawn Conjurer on Feb 9, 2021.
             Shot with an arrow by a centaur (10 damage)
             ... on level 5 of the Dungeon.
             The game lasted 00:15:52 (4779 turns).

Fenrir042 the Conjurer (Demonspawn Conjurer)        Turns: 4779, Time: 00:15:53

Health: -6/46      AC:  5    Str:  8    XL:     7   Next: 94%
Magic:  5/16       EV: 17    Int: 21    God:
Gold:   275        SH:  0    Dex: 11    Spells: 11/18 levels left

rFire    . . .     SeeInvis .   n - +5 scimitar
rCold    . . .     Faith    .   (no shield)
rNeg     + . .     Spirit   .   a - +0 robe
rPois    .         Reflect  .   (no helmet)
rElec    .         Harm     .   (no cloak)
rCorr    .         Rampage  .   (no gloves)
Will     .....                  p - +0 pair of boots
Stlth    ++........             (no amulet)
HPRegen  0.15/turn              l - ring of positive energy
MPRegen  0.15/turn              (no ring)

@: agile
A: talons 1, icy blue scales 1, powered by pain 1
a: no special abilities


You were on level 5 of the Dungeon.
You visited 1 branch of the dungeon, and saw 5 of its levels.

You collected 275 gold pieces.

Inventory:

Hand Weapons
 d - a +0 dagger
 n - a +5 scimitar (weapon)
 x - a +1 scythe of flaming
Armour
 a - a +0 robe (worn)
 p - a +0 pair of boots (worn)
Jewellery
 l - a ring of positive energy (left hand)
 v - an uncursed ring of fire
Wands
 u - a wand of digging (5)
Scrolls
 f - a scroll of fog {unknown}
 i - 2 scrolls of identify
 j - 3 scrolls of remove curse
 k - a scroll of noise {unknown}
 q - a scroll of enchant armour {unknown}
 t - a scroll of teleportation
 w - a scroll of enchant weapon {unknown}
Potions
 b - 2 potions of might {unknown}
 c - a potion of berserk rage {unknown}
 e - 4 potions of curing {unknown}
 g - a potion of heal wounds {unknown}
 h - 3 potions of flight {unknown}
 m - 3 potions of mutation {unknown}
 o - 2 potions of brilliance {unknown}
 r - a potion of invisibility {unknown}
 s - a potion of attraction {unknown}


   Skills:
 - Level 1.8 Dodging
 - Level 1.8 Stealth
 - Level 0.1 Unarmed Combat
 + Level 6.0 Spellcasting
 + Level 7.7 Conjurations
 - Level 1.0 Translocations


You had 11 spell levels left.
You knew the following spells:

 Your Spells              Type           Power        Failure   Level
a - Magic Dart            Conj           100%         1%          1
b - Searing Ray           Conj           76%          1%          2
c - Iskenderun's Mystic   Conj/Tloc      24%          16%         4

Your spell library contained the following spells:

 Spells                   Type           Power        Failure   Level
 Dazzling Flash           Conj/Hex       44%          6%          3
 Fulminant Prism          Conj/Hex       11%          21%         4


Dungeon Overview and Level Annotations

Branches:
Dungeon (5/15)
 Temple: D:4-7

Altars:
Fedhas
Gozag
Hepliaklqana
Makhleb
Ru
Wu Jian


Innate Abilities, Weirdness & Mutations

You have sharp toenails.
You are partially covered in icy blue scales. (AC +2)
You sometimes gain a little power by taking damage.


Message History

The magic dart hits the orc wizard but does no damage.
The orc wizard is almost dead.
The centaur shoots an arrow.
The arrow hits you!
You hit the orc wizard.
You kill the orc wizard!
The centaur shoots an arrow.
The arrow hits you!
Your Spellcasting skill increases to level 6!
Casting: Magic Dart (safe; 1% risk of failure)
Confirm with . or Enter, or press ? or * to list all spells.
Aiming: Magic Dart (safe; 1% risk of failure)
Press: ? - help, Shift-Dir - straight line, f - centaur
Aim: a centaur, wielding a +0 shortbow and quivering arrows (0% to evade)
The magic dart hits the centaur but does no damage.
The centaur shoots an arrow.
The arrow hits you!
* * * LOW HITPOINT WARNING * * *
You focus on the pain.
You feel agile all of a sudden.
There is an open door, spattered with blood here.
The centaur shoots an arrow.
The arrow hits you!
You die...

.#####..# #........##......
........###........##.....
.######..##........##...)####
+### ##.##........##........
...# #.##.##'######..c.....
...#####.##.##.##...#........
............##.##...#).......
'#.#####.#####.##...#........
.# # #.# #..@...c........ .#
... #.##...######### .# ###.
#.##...# .# .# #.##...# .# ..
#.##...# .# #. #'###### .#
... .# ... .#


You could see a centaur.

Vanquished Creatures
  Sigmund (D:4)
  2 ogres
  A scorpion (D:4)
  3 wights (D:3)
  A bullfrog zombie (D:5)
  A centaur skeleton (D:4)
  2 orc priests
  3 orc wizards
  3 worker ants (D:4)
  9 adders
  A white imp (D:5)
  3 adder skeletons (D:4)
  5 worms
  5 dart slugs
  2 leopard geckos
  14 orcs
  6 giant cockroaches
  5 goblins
  4 hobgoblins
  15 jackals
  2 quokkas
  4 bats
  4 frilled lizards
  5 kobolds
  A leopard gecko zombie (D:5)
  A quokka skeleton (D:4)
  7 rats
110 creatures vanquished.

Notes
Turn   | Place    | Note
-------+----------+-------------------------------------------
     0 | D:1      | Fenrir042 the Demonspawn Conjurer began the quest for the
                  | Orb.
     0 | D:1      | Reached XP level 1. HP: 13/13 MP: 3/3
   294 | D:1      | Gained mutation: You are partially covered in icy blue
                  | scales. (AC +2) [demonic ancestry]
   294 | D:1      | Reached XP level 2. HP: 19/19 MP: 3/5
   297 | D:1      | Learned a level 2 spell: Searing Ray
   845 | D:1      | Reached XP level 3. HP: 20/24 MP: 4/6
  1165 | D:2      | Found an ornate altar of the Wu Jian Council.
  1182 | D:2      | Reached skill level 5 in Conjurations
  1495 | D:2      | Gained mutation: You have sharp toenails. [demonic
                  | ancestry]
  1495 | D:2      | Reached XP level 4. HP: 30/30 MP: 2/7
  1818 | D:2      | Found a sacrificial altar of Ru.
  1820 | D:2      | Found an opulent altar of Gozag.
  2149 | D:3      | Gained mutation: You sometimes gain a little power by
                  | taking damage. [demonic ancestry]
  2149 | D:3      | Reached XP level 5. HP: 35/35 MP: 3/9
  2150 | D:3      | Reached skill level 6 in Conjurations
  2155 | D:3      | Learned a level 4 spell: Iskenderun's Mystic Blast
  2535 | D:3      | Noticed an ogre
  2536 | D:3      | Reached XP level 6. HP: 41/41 MP: 5/11
  2545 | D:3      | Reached skill level 1 in Translocations
  3389 | D:4      | Found a burning altar of Makhleb.
  3567 | D:4      | Reached XP level 7. HP: 46/46 MP: 8/14
  3830 | D:4      | Reached skill level 5 in Spellcasting
  3830 | D:4      | Reached skill level 7 in Conjurations
  4139 | D:4      | Found a hazy altar of Hepliaklqana.
  4167 | D:4      | Noticed Sigmund
  4180 | D:4      | Killed Sigmund
  4388 | D:5      | Entered Level 5 of the Dungeon
  4518 | D:5      | Found a blossoming altar of Fedhas.
  4779 | D:5      | Shot with an arrow by a centaur

Illustrated notes

Levels and vault maps discovered:
D:1:      lordsloth_arrival_two_stooges, layout_loops_ring
D:2:      layout_rooms, nicolae_gozag_seed_capital, hangedman_ru_absence,
          overflow_temple_1_default
D:3:      layout_rooms
D:4:      layout_loops_ring, lemuel_coloured_pillars_altar,
          nzn_hepliaklqana_mist_gate, minmay_ruptured, uniq_sigmund
D:5:      layout_basic, xom_redecorated, general_overflow_altar,
          minmay_temple_entry_purple_smoke, minmay_crystal_water,
          trog_butcher_becter

Skill      XL: |  1  2  3  4  5  6  7 |
---------------+----------------------+-----
Conjurations   | 5 6 7 |  7.7
Spellcasting   | 3 4 6 |  6.0
Translocations | 1 |  1.0
Dodging        | |  1.8
Stealth        | |  1.8
Unarmed Combat | |  0.1

Action                   |  1- 3 |  4- 6 |  7- 9 || total
-------------------------+-------+-------+-------++-------
Melee: Unarmed           |     9 |       |       ||     9
       Dagger            |    24 |     6 |       ||    30
       Scimitar          |       |     7 |     4 ||    11
       Punch             |       |     1 |       ||     1
 Cast: Magic Dart        |    38 |    51 |    49 ||   138
       Searing Ray       |     8 |    17 |    11 ||    36
  Use: Scroll            |       |     4 |       ||     4
Armor: Robe              |     5 |     5 |     3 ||    13
Dodge: Dodged            |    27 |    15 |     3 ||    45
       Rpst.: Scimitar   |       |     4 |     2 ||     6

Table legend: (Time is in decaauts)
 A = Elapsed time spent in this place.
 B = Non-inter-level travel time spent in this place.
 C = Inter-level travel time spent in this place.
 D = Time resting spent in this place.
 E = Time spent auto-exploring this place.
 F = Levels seen in this place.
 G = Mean time per level.
                   A        B        C        D        E       F      G
               +--------+--------+--------+--------+--------+-----+--------+
         Total |   4783 |   4715 |     68 |    627 |   3572 |   5 |  956.6 |
       Dungeon |   4783 |   4715 |     68 |    627 |   3572 |   5 |  956.6 |
               +--------+--------+--------+--------+--------+-----+--------+

Top non-repeatable levels by time:
     D:4: 1242 daAuts
     D:1: 1164 daAuts
     D:3: 1017 daAuts
     D:2: 963 daAuts
     D:5: 395 daAuts
